 Dungeon Crawl Stone Soup version 0.21.1-1-g345015f (webtiles) character file.

13 inc the Chiller (level 2, -1/11 HPs)
             Began as a Felid Ice Elementalist on Feb 22, 2018.
             Slain by Natasha (4 damage)
             ... on level 2 of the Dungeon.
             The game lasted 00:00:46 (675 turns).

inc the Chiller (Felid Ice Elementalist)             Turns: 675, Time: 00:00:47

Health: -1/11      AC:  1    Str:  4    XL:     2   Next: 24%
Magic:  2/6        EV: 18    Int: 16    God:
Gold:   48         SH:  0    Dex: 16    Spells: 4/5 levels left
                                        Lives:  0   Deaths: 0

rFire    . . .     SeeInvis +   (weapon unavailable)
rCold    . . .     Gourm    .   (shield unavailable)
rNeg     . . .     Faith    .   (armour unavailable)
rPois    .         Spirit   .   (helmet unavailable)
rElec    .         Reflect  .   (cloak unavailable)
rCorr    .         Harm     .   (gloves unavailable)
MR       .....                  (boots unavailable)
Stlth    +++.......             (no amulet)
HPRegen  0.03/turn              (no ring)
MPRegen  0.10/turn              (no ring)

@: very slightly contaminated, quick
A: very small, no armour, no weapons or thrown items, stealth, claws 1, fangs 3,
see invisible, carnivore, speed 1, shaggy fur 1, slow metabolism 1, sharp paws
a: no special abilities


You were on level 2 of the Dungeon.
You were not hungry.

You visited 1 branch of the dungeon, and saw 2 of its levels.

You collected 48 gold pieces.

Inventory:

Jewellery
 g - a +3 ring of strength {unknown}
Scrolls
 e - a scroll of fear {unknown}
 f - 2 scrolls of remove curse {unknown}
 h - a scroll of immolation {unknown}
 i - a scroll of identify {unknown}
Potions
 c - a potion of might {unknown}
 d - a potion of cancellation {unknown}
 j - a potion of flight {unknown}
Books
 a - a book of Frost

   Spells                             Type                      Level
   a - Freeze                         Ice                          1
   b - Throw Frost                    Conjuration/Ice              2
   c - Ozocubu's Armour               Charms/Ice                   3
   d - Throw Icicle                   Conjuration/Ice              4
   e - Summon Ice Beast               Ice/Summoning                4
Comestibles
 b - a ration


   Skills:
 - Level 2.6 Dodging
 - Level 2.6 Stealth
 - Level 2.0 Spellcasting
   Level 0.8 Conjurations
 + Level 3.4 Ice Magic


You had 4 spell levels left.
You knew the following spells:

 Your Spells              Type           Power        Failure   Level  Hunger
a - Freeze                Ice            ##..         4%          1    #......


Dungeon Overview and Level Annotations

Branches:
Dungeon (2/15)

Altars:

Annotations:
D:2 Natasha


Innate Abilities, Weirdness & Mutations

You cannot wear armour.
You are incapable of wielding weapons or throwing items.
Your paws allow you to move quietly. (Stealth)
You have sharp claws.
You have razor-sharp teeth.
You have supernaturally acute eyesight. (SInv)
You are carnivorous and can eat meat at any time.
You cover ground quickly.
You are covered in fur. (AC +1)
You have a slow metabolism.
Your sharp claws are effective at attacking unaware monsters.


Message History

Casting: Freeze
Confirm with . or Enter, or press ? or * to list all spells.
Aiming: Freeze
Press: ? - help, Shift-Dir - straight line, f/p - Natasha
Aim: Natasha (moderately wounded)
You miscast Freeze.
You are very lightly contaminated with residual magic.
Wisps of condensation drift from your paws.
Natasha claws you!
Ouch! That really hurt!
* * * LOW HITPOINT WARNING * * *
Casting: Freeze
Confirm with . or Enter, or press ? or * to list all spells.
Aiming: Freeze
Press: ? - help, Shift-Dir - straight line, f/p - Natasha
Aim: Natasha (moderately wounded)
You freeze Natasha.
Natasha is severely wounded.
Natasha claws you.
You die...

##### #..# #..# #..#
#### ##..# #### K..##
....# #####..##...$###
###'# ##.#.............
....####................
....##...)..##..@h.....#
..........######8...8###
..........# ###.###
........### ..#
.......## .# <...#### .#
....# # ..#+# ..


You could see Natasha and a kobold (sleeping).

Vanquished Creatures
  2 hobgoblins (D:1)
  A ball python (D:1)
  2 bats
  4 frilled lizards (D:1)
  2 goblins (D:1)
  2 kobolds (D:1)
  2 rats (D:1)
15 creatures vanquished.

Notes
Turn   | Place    | Note
-------+----------+-------------------------------------------
     0 | D:1      | inc the Felid Ice Elementalist began the quest for the Orb.
     0 | D:1      | Reached XP level 1. HP: 7/7 MP: 4/4
   129 | D:1      | Reached skill level 3 in Ice Magic
   284 | D:1      | Reached XP level 2. HP: 11/11 MP: 4/6
   667 | D:2      | Noticed Natasha
   675 | D:2      | Slain by Natasha

Skill      XL: |  1 |
---------------+----+-----
Ice Magic      | 3 |  3.4
Dodging        | |  2.6
Stealth        | |  2.6
Spellcasting   | |  2.0
Conjurations   | |  0.8

Action                   || total
-------------------------++-------
Melee: Unarmed           ||     7
 Cast: Freeze            ||    15
 Stab: Sleeping          ||     3
Dodge: Dodged            ||    10
